 Dungeon Crawl Stone Soup version 0.31-a0-237-g2d982f9f85 (webtiles) character file.

Game seed: 1925402155074121552

85 qw the Shooter (level 4, 0/26 HPs)
             Began as a Gargoyle Hexslinger on July 10, 2023.
             Slain by a kobold
             ... wielding a +2 vampiric whip
              (3 damage)
             ... in a sewer.
             The game lasted 00:00:55 (1339 turns).

qw the Shooter (Gargoyle Hexslinger)                Turns: 1339, Time: 00:00:55

Health: 0/26       AC: 12    Str: 12    XL:     4   Next: 48%
Magic:  5/5        EV: 11    Int: 13    God:
Gold:   21         SH:  0    Dex: 14    Spells: 4/5 levels left

rFire   . . .        Y - +2 sling
rCold   + . .        (no shield)
rNeg    + + .        j - +0 leather armour
rPois   inf          (no helmet)
rElec   +            (no cloak)
rCorr   .            (no gloves)
SInv    .            e - +1 pair of boots of Duty {rPois rN+}
Will    .....        (no amulet)
Stlth   +            d - ring of protection from cold
HPRegen 0.24/turn    i - +4 ring of protection
MPRegen 0.09/turn

%: no passive effects
@: no status effects
A: sickness immunity, AC +3, negative energy resistance 1, electricity
resistance, torment resistance 1, petrification resistance
a: no special abilities


You were in a sewer.
You visited 1 branch of the dungeon, and saw 3 of its levels.
You also visited: Sewer.

You collected 21 gold pieces.


Innate Abilities, Weirdness & Mutations

You are immune to sickness and miasma.
Your stone body is resilient. (AC +3)
You are immune to poison.
You resist negative energy. (rN+)
You are resistant to electric shocks. (rElec)
You are resistant to unholy torment.
You are immune to petrification.


   Skills:
 - Level 2.0 Fighting
 + Level 4.3 Ranged Weapons
 - Level 1.5 Dodging
 - Level 1.0 Spellcasting
 - Level 2.6 Hexes


You had 4 spell levels left.
You knew the following spells:

 Your Spells              Type           Power      Damage    Failure   Level
a - Slow                  Hex            28%        N/A       12%         1

Your spell library contained the following spells:

 Spells                   Type           Power      Damage    Failure   Level
 Inner Flame              Hex/Fire       4%         N/A       52%         3
 Portal Projectile        Hex/Tloc       8%         N/A       52%         3
 Cause Fear               Hex            3%         N/A       75%         4

Inventory:

Hand Weapons
 Y - a +2 sling (weapon)
Armour
 e - the +1 pair of boots of Duty (worn) {rPois rN+}
   (You acquired it on level 2 of the Dungeon)

   rPois:     It protects you from poison.
   rN:        It protects you from negative energy.
 j - a +0 leather armour (worn)
Jewellery
 b - a ring of fire
 d - a ring of protection from cold (left hand)
 i - a +4 ring of protection (right hand)
Scrolls
 a - a scroll of identify
Potions
 f - a potion of degeneration {unknown}
 g - a potion of curing {unknown}
 h - a potion of brilliance {unknown}
 l - a potion of haste {unknown}

Dungeon Overview and Level Annotations

Branches:
Dungeon (3/15)              Sewer (1/1)

Altars:

Shops:
D:1 [   D:2 !


Message History

The sling bullet hits the kobold but does no damage.
The kobold is severely wounded.
The kobold brigand hits you with a +0 club.
You shoot a sling bullet.
The sling bullet closely misses the kobold.
The kobold brigand hits you but does no damage.
The kobold hits you but does no damage. x2
You shoot a sling bullet.
The sling bullet barely misses the kobold.
The kobold brigand hits you with a +0 club.
The kobold hits you but does no damage. x2
You shoot a sling bullet.
The sling bullet barely misses the kobold.
The kobold brigand hits you with a +0 club.
The kobold hits you but does no damage. The kobold barely misses you.
You shoot a sling bullet. The sling bullet hits the kobold.
You kill the kobold!
The kobold brigand hits you with a +0 club.
The kobold hits you but does no damage. The kobold brigand misses you.
You shoot a sling bullet.
The sling bullet barely misses the kobold brigand.
The sling bullet completely misses the kobold.
The kobold hits you with a +2 vampiric whip.
The kobold brigand hits you with a +0 club.
The kobold barely misses you.
You shoot a sling bullet.
The sling bullet closely misses the kobold brigand.
The sling bullet closely misses the kobold.
The kobold hits you with a +2 vampiric whip.
The kobold hits you with a +0 club.
You shoot a sling bullet.
The sling bullet closely misses the kobold brigand.
The kobold hits you but does no damage.
The kobold brigand hits you with a +0 club!
The kobold closely misses you. The kobold hits you but does no damage.
You shoot a sling bullet.
The sling bullet hits the kobold brigand.
The kobold brigand is lightly wounded.
The kobold hits you with a +2 vampiric whip.
You die...

#~~~#.\\#
#~~~'...#
#~~~######
#~~~#....#
#~~~#!\..#
#~~~#....#
#~~~#[.)?#
#~~~##KK##
#~~~#K@K.#
#~~~#P...###
#~~~~~~....#
#~~~~~P...##
#~~~#~~...#
#~~~#~~....#
#~~~#......#
~~~~~#......#
~~~~~~#......#


You could see a kobold brigand and 3 kobolds.

Vanquished Creatures
  3 adders (D:2)
  A worm (D:2)
  2 dart slugs
  7 ball pythons
  8 bats
  2 endoplasms
  5 goblins
  7 hobgoblins
  A jackal (D:2)
  A quokka (D:1)
  3 frilled lizards (D:2)
  5 kobolds
  5 rats
50 creatures vanquished.

Notes
Turn   | Place    | Note
-------+----------+-------------------------------------------
     0 | D:1      | qw the Gargoyle Hexslinger began the quest for the Orb.
     0 | D:1      | Reached XP level 1. HP: 12/12 MP: 2/2
     0 | D:1      | 0 ||| qw: Version: 0.3-a-52-g30416fa
     0 | D:1      | 0 ||| qw: Game counter: 5002
     0 | D:1      | 0 ||| qw: Melee chars always use a shield: true
     0 | D:1      | 0 ||| qw: God list: Okawaru
     0 | D:1      | 0 ||| qw: Allow faded altars: false
     0 | D:1      | 0 ||| qw: Do Orc after clearing Dungeon:15 true
     0 | D:1      | 0 ||| qw: Do second Lair branch before Depths: true
     0 | D:1      | 0 ||| qw: Lair rune preference: random
     0 | D:1      | 0 ||| qw: Goals: Normal
     0 | D:1      | 0 ||| PLANNING D:1-11
    68 | D:1      | Found Imynaergh's Antique Armour Shoppe.
    75 | D:1      | 75 ||| DROPPING scroll of poison.
    78 | D:1      | Found a faded altar of an unknown god.
   100 | D:1      | 100 ||| SHOPLISTING leather armour (54 gold, have 0).
   100 | D:1      | 100 ||| SHOPLISTING ring mail (108 gold, have 0).
   185 | D:1      | Reached XP level 2. HP: 16/16 MP: 3/3
   210 | D:1      | Reached skill level 3 in Ranged Weapons
   444 | D:1      | 444 ||| UPGRADING to ring of protection from cold.
   445 | D:1      | 445 ||| READING scroll labelled MISKIU ZERIN.
   446 | D:1      | 446 ||| READING scroll labelled PIORU TAFY.
   499 | D:2      | 499 ||| FLEEEEING.
   504 | D:2      | Reached XP level 3. HP: 20/21 MP: 4/4
   584 | D:2      | Found Xengo's Distillery.
   598 | D:2      | 598 ||| SHOPLISTING potion of curing (36 gold, have 21).
   598 | D:2      | 598 ||| SHOPLISTING potion of heal wounds (60 gold, have
                  | 21).
   598 | D:2      | 598 ||| SHOPLISTING potion of might (48 gold, have 21).
   747 | D:2      | 747 ||| READING scroll labelled ZEPHUESCHYR.
   747 | D:2      | Identified a scroll of acquirement
   747 | D:2      | 747 ||| ACQUIRING +1 pair of boots of Duty {rPois rN+}
   747 | D:2      | Acquired the +1 pair of boots of Duty {rPois rN+}
   749 | D:2      | 749 ||| UPGRADING to +1 pair of boots of Duty {rPois rN+}.
   856 | D:2      | 856 ||| UPGRADING to +4 ring of protection.
  1016 | D:2      | Reached skill level 4 in Ranged Weapons
  1016 | D:2      | Reached XP level 4. HP: 26/26 MP: 5/5
  1235 | D:2      | 1235 ||| UPGRADING to +0 leather armour.
  1245 | D:2      | 1245 ||| DROPPING +0 robe.
  1246 | D:2      | 1246 ||| READING scroll labelled QUBAES HITIA.
  1247 | D:2      | 1247 ||| READING scroll labelled SONIOC LEHARI.
  1265 | D:3      | 1265 ||| PLANNING SEWER
  1276 | D:3      | 1276 ||| STAIRDANCE
  1292 | D:3      | Found a glowing drain.
  1301 | Sewer    | Entered a sewer
  1329 | Sewer    | Noticed a kobold brigand
  1338 | Sewer    | HP: 3/26 [kobold brigand/+0 club (8)]
  1339 | Sewer    | Slain by a kobold

Levels and vault maps discovered:
D:1:      nagdon_arrival_double_spiral, layout_rooms,
          ebering_ecumenical_altar_rust, serial_shops, nicolae_shop_tiny_glass
D:2:      minmay_diamond_boxcup, layout_basic, serial_shops, shop,
          kennysheep_small_spiral, minmay_puff
D:3:      layout_rooms, portal_sewer_entry_a, uniq_natasha
Sewer:    kennysheep_pipe_town

Skill      XL: |  1  2  3 |
---------------+----------+-----
Ranged Weapons | 3 4 |  4.3
Fighting       | 2 |  2.0
Dodging        | |  1.5
Spellcasting   | |  1.0
Hexes          | |  2.6

Action                     |  1- 3 |  4- 6 || total
---------------------------+-------+-------++-------
   Fire: Sling             |   118 |    44 ||   162
    Use: Scroll            |     3 |     2 ||     5
 Armour: Robe              |    22 |     2 ||    24
         Leather armour    |       |    10 ||    10
  Dodge: Dodged            |    37 |    15 ||    52

Table legend:
 A = Non-vault XP
 B = Vault XP
 C = Vault XP percentage of total XP
 D = Non-vault monster count
 E = Vault monster count
 F = Vault count percentage of total count
                 A         B        C        D         E       F
            +---------+---------+-------+---------+---------+-------
      Total |      56 |      66 |  54.1 |      34 |      16 |  32.0
            +---------+---------+-------+---------+---------+-------
        D:1 |      32 |       0 |   0.0 |      20 |       0 |   0.0
        D:2 |      22 |      60 |  73.2 |      13 |      12 |  48.0
        D:3 |       2 |       0 |   0.0 |       1 |       0 |   0.0
      Sewer |       0 |       6 | 100.0 |       0 |       4 | 100.0
            +---------+---------+-------+---------+---------+-------
